 Dungeon Crawl Stone Soup version 0.29-a0-919-gd064cfad1c (webtiles) character file.

Game seed: 10777311933105941977

301 IdlyInterested the Twirler (level 6, -2/48 HPs)
             Began as a Demonspawn Wanderer on July 26, 2022.
             Slain by a gnoll
             ... wielding a +0 spear
             ... led by a gnoll bouda
              (4 damage)
             ... on level 4 of the Dungeon.
             The game lasted 00:10:07 (3752 turns).

IdlyInterested the Twirler (Demonspawn Wanderer)    Turns: 3752, Time: 00:10:07

Health: -2/48      AC:  6    Str: 12    XL:     6   Next: 14%
Magic:  7/7        EV:  9    Int: 14    God:
Gold:   89         SH:  0    Dex: 14    Spells: 7/7 levels left

rFire   . . .      SeeInvis .   a - +3 quarterstaff
rCold   . . .      Faith    .   (shield currently unavailable)
rNeg    . . .      Spirit   .   j - +0 scale mail
rPois   .          Reflect  .   (helmet restricted)
rElec   .          Harm     .   (no cloak)
rCorr   .          Rampage  .   (no gloves)
Will    .....                   (no boots)
Stlth   ..........              (no amulet)
HPRegen 0.16/turn               (no ring)
MPRegen 0.10/turn               (no ring)

@: brilliant
A: antennae 1, claws 1, foul stench 1, weakness stinger 1
a: no special abilities


You were on level 4 of the Dungeon.
You visited 1 branch of the dungeon, and saw 4 of its levels.

You collected 214 gold pieces.
You spent 125 gold pieces at shops.

Inventory:

Hand Weapons
 a - a +3 quarterstaff (weapon)
Missiles
 c - 4 javelins (quivered)
Armour
 h - a +0 chain mail
 j - a +0 scale mail (worn)
Jewellery
 d - a ring of fire
Scrolls
 b - a scroll of fear
 g - a scroll of enchant armour
Potions
 e - a potion of attraction
 f - a potion of resistance
 k - a potion of might
 l - a potion of magic


   Skills:
 - Level 4.0 Fighting
 * Level 6.0 Staves
 * Level 1.9 Armour
 - Level 2.0 Dodging
 + Level 1.3 Spellcasting
 - Level 1.0 Air Magic


You had 7 spell levels left.
You didn't know any spells.
Your spell library contained the following spells:

 Spells                   Type           Power      Damage    Failure   Level
 Sandblast                Erth           2%         2d4       80%         1
 Poisonous Vapours        Pois/Air       6%         N/A       86%         2
 Static Discharge         Conj/Air       3%         3-4/arc   86%         2
 Passwall                 Tmut/Erth      0%         N/A       90%         2
 Sublimation of Blood     Necr           1%         N/A       90%         2
 Wereblood                Tmut           1%         N/A       90%         2
 Stone Arrow              Conj/Erth      2%         3d7       99%         3
 Fulminant Prism          Conj/Hex       0%         3d6       100%        4
 Alistair's Intoxication  Tmut/Pois      0%         N/A       100%        5
 Summon Hydra             Summ           0%         N/A       100%        7


Dungeon Overview and Level Annotations

Branches:
Dungeon (4/15)
 Temple: D:4-7

Altars:
Makhleb
Sif Muna
Trog

Shops:
D:2 ?   D:3 ?


Innate Abilities, Weirdness & Mutations

You have a pair of small antennae on your head.
You have sharp fingernails.
You may rarely emit foul miasma when damaged in melee.
You have a small tail.


Message History

You are no longer poisoned.
The gnoll hits you from afar with a +0 spear!
* * * LOW HITPOINT WARNING * * *
The black bear bites your ogre!
Your ogre dies!
Your ogre's corpse dissolves into shadows!
Training target 4.0 for Fighting reached!
The black bear bites you.
* * * LOW HITPOINT WARNING * * *
The black bear claws you but does no damage. x2
You sock the black bear!
You kill the black bear!
The gnoll hits you from afar with a +0 spear.
* * * LOW HITPOINT WARNING * * *
The gnoll bouda gazes fiercely through you!
You feel your attacks grow feeble.
Your necrophage hits the gnoll.
Your Staves skill increases to level 6!
You have reached level 6!
Your demonic ancestry asserts itself...
A pair of antennae grows on your head!
It was a potion of magic.
Magic courses through your body.
The gnoll is no longer moving quickly.
The gnoll hits you from afar with a +0 spear.
* * * LOW HITPOINT WARNING * * *
The gnoll bouda calls upon its god to heal the gnoll.
The gnoll's wounds heal themselves!
Your necrophage closely misses the gnoll.
Okay, then.
Okay, then.
It was a potion of curing.
You feel better.
The gnoll hits you from afar with a +0 spear.
* * * LOW HITPOINT WARNING * * *
The gnoll hits you from afar with a +0 spear.
* * * LOW HITPOINT WARNING * * *
Your necrophage hits the gnoll.
It was a potion of brilliance.
You feel clever all of a sudden.
Your attacks no longer feel as feeble.
The gnoll hits you from afar with a +0 spear.
You die...

#... #..#
##..# ...#
#..#
#.####..####
#....g....$#
####..###n@#
......ggg..#
####..####.#
#. #.# # #..
##.# .# .#
.#


You could see a gnoll bouda, 3 gnolls and a friendly necrophage (summoned).

Vanquished Creatures
  A black bear (D:4)
  A scorpion (D:4)
  2 orc wizards (D:3)
  Terence (D:2)
  An adder (D:3)
  2 worms
  2 dart slugs
  3 orcs (D:3)
  6 ball pythons
  9 endoplasms
  3 giant cockroaches
  3 goblins
  6 hobgoblins
  6 kobolds
  2 quokkas (D:2)
  5 bats
  5 frilled lizards
  4 rats
62 creatures vanquished.

Notes
Turn   | Place    | Note
-------+----------+-------------------------------------------
     0 | D:1      | IdlyInterested the Demonspawn Wanderer began the quest for
                  | the Orb.
     0 | D:1      | IdlyInterested set off with the following items: a +3
                  | quarterstaff, a scroll of fear, a +0 robe; and the
                  | following spells available to memorise: Poisonous Vapours,
                  | Static Discharge.
     0 | D:1      | Reached XP level 1. HP: 18/18 MP: 2/2
   326 | D:1      | Discovered your monstrous ancestry.
   326 | D:1      | Gained mutation: You have sharp fingernails. [demonic
                  | ancestry]
   326 | D:1      | Reached XP level 2. HP: 19/24 MP: 3/3
   815 | D:1      | Reached skill level 5 in Staves
  1009 | D:1      | Gained mutation: You may rarely emit foul miasma when
                  | damaged in melee. [demonic ancestry]
  1009 | D:1      | Reached XP level 3. HP: 29/29 MP: 4/4
  1090 | D:1      | Got the Papyrus of Enchanting Metamorphosis
  1489 | D:2      | Reached skill level 1 in Dodging
  1681 | D:2      | Found a faded altar of an unknown god.
  1707 | D:2      | Found Tuitag's Magic Scroll Shoppe.
  1767 | D:2      | Noticed Terence
  1776 | D:2      | Killed Terence
  1777 | D:2      | Reached XP level 4. HP: 20/35 MP: 5/5
  2049 | D:2      | Found a burning altar of Makhleb.
  2563 | D:2      | Bought a scroll of enchant armour for 97 gold pieces
  3029 | D:3      | Gained mutation: You have a small tail. [demonic ancestry]
  3029 | D:3      | Reached XP level 5. HP: 40/42 MP: 6/6
  3151 | D:3      | Found a shimmering blue altar of Sif Muna.
  3187 | D:3      | Found Keot's Magic Scroll Shop.
  3215 | D:3      | Found a bloodstained altar of Trog.
  3634 | D:3      | Bought a scroll of identify for 28 gold pieces
  3743 | D:4      | Reached skill level 1 in Armour
  3743 | D:4      | Noticed a black bear
  3749 | D:4      | Killed a black bear
  3750 | D:4      | Reached skill level 6 in Staves
  3750 | D:4      | Gained mutation: You have a pair of small antennae on your
                  | head. [demonic ancestry]
  3750 | D:4      | Reached XP level 6. HP: 7/48 MP: 7/7
  3751 | D:4      | HP: 2/48 [gnoll/+0 spear[a gnoll bouda] (6)]
  3752 | D:4      | Slain by a gnoll

Illustrated notes

Levels and vault maps discovered:
D:1:      matt_arrival_los_fun, layout_rooms, minmay_misc_feat_room,
          nicolae_figureground_pulse
D:2:      layout_basic, shapermc_ecumenical_altar_totnotflames, serial_shops,
          nicolae_shop_waterfront, basic_altar, uniq_terence
D:3:      layout_loops_ring, trog_book, grunt_temple_overflow_open,
          serial_shops, nicolae_shop_crystal
D:4:      layout_loops_ring, overflow_temple_1_default, hangedman_decor_growths,
          uniq_ijyb

Skill      XL: |  1  2  3  4  5 |
---------------+----------------+-----
Staves         | 5 6 |  6.0
Dodging        | 1 2 |  2.0
Fighting       | 4 |  4.0
Armour         | 1 |  1.9
Spellcasting   | |  1.3
Air Magic      | |  1.0

Action                   |  1- 3 |  4- 6 || total
-------------------------+-------+-------++-------
Melee: Quarterstaff      |    82 |    63 ||   145
       Tailslap          |       |     1 ||     1
  Use: Scroll            |     6 |     3 ||     9
       Potion            |     1 |     3 ||     4
Armor: Robe              |     5 |       ||     5
       Ring mail         |    19 |       ||    19
       Skin              |     3 |       ||     3
       Scale mail        |       |    25 ||    25
Dodge: Dodged            |    44 |    18 ||    62

Table legend: (Time is in decaauts)
 A = Elapsed time spent in this place.
 B = Non-inter-level travel time spent in this place.
 C = Inter-level travel time spent in this place.
 D = Time resting spent in this place.
 E = Time spent auto-exploring this place.
 F = Levels seen in this place.
 G = Mean time per level.
                   A        B        C        D        E       F      G
               +--------+--------+--------+--------+--------+-----+--------+
         Total |   3757 |   3301 |    456 |   1106 |   1559 |   4 |  939.2 |
       Dungeon |   3757 |   3301 |    456 |   1106 |   1559 |   4 |  939.2 |
               +--------+--------+--------+--------+--------+-----+--------+

Top non-repeatable levels by time:
     D:1: 1433 daAuts
     D:2: 1237 daAuts
     D:3: 1068 daAuts
     D:4: 17 daAuts
